Canadiens vs Wild
Created - 18 novembre 2013 at 19:09
Goals
|
| Canadiens |
0 |
0 |
1 |
1 |
| Wild |
2 |
2 |
3 |
7 |
|
Shots
|
| Canadiens |
6 |
16 |
5 |
27 |
| Wild |
12 |
14 |
15 |
41 |
|
1st period
1. Wild , Chris Higgins 5 (Vaclav Prospal, Nathan Dempsey) at 0:52
2. Wild , Fedor Tyutin 2 (R.J. Umberger, Chris Drury) at 2:33
Penalties :
Tomas Plekanec (Mon) for Tripping (Minor) at 8:04, Fredrik Modin (Min) for Roughing (Minor) at 10:55, Rod Brind'Amour (Min) for Roughing (Minor) at 14:59
2nd period
3. Wild , Vaclav Prospal 4 (Anson Carter, Nathan Dempsey) at 3:01
4. Wild , Alexei Kovalev 11 (Chris Drury, Martin Brodeur) at 15:55 (PP)
Penalties :
Nathan Dempsey (Min) for Hooking (Minor) at 0:43, Brian Rolston (Min) for Hooking (Minor) at 3:59, Ossi Vaananen (Mon) for Cross-checking (Minor) at 15:43, Chris Drury (Min) for Hooking (Minor) at 16:12
3rd period
5. Canadiens , Patrick Marleau 8 (Tomas Plekanec, Matt Carle) at 6:33
6. Wild , R.J. Umberger 4 (Niclas Wallin) at 10:06
7. Wild , Chris Higgins 6 (Mark Eaton) at 11:04 (SH)
8. Wild , Brian Rolston 3 (Glen Metropolit, Nathan Dempsey) at 13:03
Penalties :
Brian Rolston (Min) for Roughing (Minor) at 1:42, Mike Green (Min) for Fighting (Major) at 10:10, Tomas Plekanec (Mon) for Fighting (Major) at 10:10, R.J. Umberger (Min) for Cross-checking (Minor) at 10:42, Tomas Plekanec (Mon) for Hooking (Minor) at 16:10
Goalie Stats
Kari Lehtonen (Mon), 34 saves from 41 shots - (0,829), L, 6-3-0, 60:00 minutes
Martin Brodeur (Min), 26 saves from 27 shots - (0,963), W, 9-3-0, 60:00 minutes
Players Stats for Canadiens
Player Name G A P +/- PIM S H SB GA TA FO MP PP MP PK MP
------------------------------------------------------------------------------------
Chris Dingman 0 0 0 -2 0 0 0 0 0 0 0/0 9:34 0:19 1:27
Éric Desjardins 0 0 0 -1 0 0 1 1 0 1 0/0 28:23 8:37 1:38
Jamie Lundmark 0 0 0 -1 0 0 1 0 0 1 2/5 9:36 0:12 1:41
Jeff Woywitka 0 0 0 0 0 1 2 1 0 0 0/0 19:08 0:11 2:32
Marek Svatos 0 0 0 -1 0 1 1 0 0 0 0/2 20:09 7:26 1:29
Matt Carle 0 1 1 -3 0 2 1 2 0 1 0/0 23:01 8:37 0:12
Michel Ouellet 0 0 0 -3 0 1 1 1 0 0 0/2 11:48 1:20 2:10
Mike York 0 0 0 0 0 1 1 1 2 0 1/2 17:45 6:18 0:28
Ossi Vaananen 0 0 0 -2 2 1 1 0 0 0 0/0 15:31 0:11 2:20
Patric Hornqvist 0 0 0 -2 0 6 2 0 0 0 0/0 14:10 6:27 0:00
Patrick Marleau 1 0 1 -1 0 2 1 0 0 1 1/4 21:48 7:16 0:00
Radim Vrbata 0 0 0 -1 0 6 1 0 0 0 0/0 16:04 0:09 0:05
Ryan Bayda 0 0 0 -2 0 2 1 0 0 0 0/1 8:39 0:00 0:00
Tomas Kloucek 0 0 0 -2 0 0 0 1 0 0 0/0 15:53 5:05 0:00
Tomas Plekanec 0 1 1 0 9 0 3 0 1 0 12/32 20:12 5:54 0:12
Tyler Arnason 0 0 0 -2 0 3 0 0 0 0 4/7 9:27 0:00 0:48
Tyler Sloan 0 0 0 -2 0 0 0 1 0 1 0/0 18:03 5:05 1:38
Viktor Kozlov 0 0 0 0 0 1 2 0 0 0 7/13 16:35 6:18 0:00
Players Stats for Wild
Player Name G A P +/- PIM S H SB GA TA FO MP PP MP PK MP
------------------------------------------------------------------------------------
Alexei Kovalev 1 0 1 2 0 4 0 0 0 0 2/2 17:28 2:24 0:00
Anson Carter 0 1 1 1 0 1 1 0 0 0 1/1 12:42 1:46 0:00
Brian Rolston 1 0 1 2 4 5 2 0 0 0 0/0 13:15 0:00 2:38
Chris Drury 0 2 2 2 2 5 1 0 0 0 18/29 19:53 2:24 2:26
Chris Higgins 2 0 2 2 0 3 0 0 1 0 1/2 16:34 0:03 7:05
Fedor Tyutin 1 0 1 3 0 4 3 0 0 0 0/0 24:18 1:55 7:59
Fredrik Modin 0 0 0 -1 2 0 0 0 0 0 0/0 8:43 0:00 3:10
Glen Metropolit 0 1 1 0 0 1 0 0 1 0 3/4 10:57 0:00 5:12
Jonathan Rheault 0 0 0 -1 0 0 0 0 0 0 0/0 5:23 0:00 0:00
Jozef Stumpel 0 0 0 1 0 4 2 0 2 0 1/1 14:51 2:21 0:55
Mark Eaton 0 1 1 2 0 1 1 1 0 0 0/0 23:11 1:55 7:59
Mike Green 0 0 0 0 5 3 2 1 0 0 0/0 18:48 2:15 0:51
Nathan Dempsey 0 3 3 2 2 1 0 1 0 0 0/0 24:28 2:15 5:03
Niclas Wallin 0 1 1 2 0 0 0 0 0 1 0/0 11:46 0:00 0:00
R.J. Umberger 1 1 2 3 2 4 3 0 1 0 1/3 16:57 1:46 0:00
Rod Brind'Amour 0 0 0 2 2 0 2 0 0 2 9/15 15:56 0:00 6:04
Shane Hnidy 0 0 0 1 0 1 0 0 0 0 0/0 17:31 0:00 5:54
Vaclav Prospal 1 1 2 1 0 4 1 0 0 0 5/11 13:18 1:46 0:16
3 Stars
1 - Chris Higgins (Min)
2 - R.J. Umberger (Min)
3 - Fedor Tyutin (Min)
Power Play
Canadiens - 0 on 7 Attempt(s) - 0,00%
Wild - 1 on 3 Attempt(s) - 33,33%
Penalty Kill
Canadiens - 2 on 3 Attempt(s) - 66,67%
- Score 0 goal in Penalty Kill
Wild - 7 on 7 Attempt(s) - 100,00%
- Score 1 goal in Penalty Kill
Official
Referees : O'Rourke Dan and O'Halloran Dan
Linesman : Scott Cherrey and Brian Murphy
Game Notes
Mike Green and Tomas Plekanec fight to a draw at 10:10 of 3rd period
Finance
Level 1 -- Attendance: 3054 (50,90%) -- Ticket Income 381 750 $
Level 2 -- Attendance: 2577 (51,54%) -- Ticket Income 193 275 $
Level 3 -- Attendance: 981 (49,05%) -- Ticket Income 49 050 $
Level 4 -- Attendance: 1656 (41,40%) -- Ticket Income 66 240 $
Luxury Box -- Attendance: 524 (52,40%) -- Ticket Income 131 000 $
Game was played at the Forest Center
Total Attendance: 8792 (48,84%)
Total Ticket Income: 821 315 $
Other Income: 123 197 $
Total Income: 944 512 $
Canadiens
5 vs 5 Forward
Center Left Wing Right Wing Time % Phy DF OF
1 Tomas Plekanec Patrick Marleau Radim Vrbata 40 1 2 2
2 Viktor Kozlov Mike York Marek Svatos 30 1 2 2
3 Tyler Arnason Ryan Bayda Patric Hornqvist 20 1 2 2
4 Jamie Lundmark Chris Dingman Michel Ouellet 10 1 2 2
5 vs 5 Defense
Defense Defense Time % Phy DF OF
1 Jeff Woywitka Éric Desjardins 40 1 3 1
2 Matt Carle Ossi Vaananen 30 1 3 1
3 Tyler Sloan Tomas Kloucek 25 0 4 1
4 Matt Carle Éric Desjardins 5 1 4 0
PowerPlay Forward
Center Left Wing Right Wing Time % Phy DF OF
1 Tomas Plekanec Patrick Marleau Marek Svatos 60 1 1 3
2 Viktor Kozlov Mike York Patric Hornqvist 40 1 1 3
PowerPlay Defense
Defense Defense Time % Phy DF OF
1 Matt Carle Éric Desjardins 60 1 2 2
2 Tyler Sloan Tomas Kloucek 40 1 2 2
Penalty Kill 4 Players Forward
Center Wing Time % Phy DF OF
1 Tomas Plekanec Michel Ouellet 60 1 3 1
2 Jamie Lundmark Radim Vrbata 40 1 3 1
Penalty Kill 4 Players Defense
Defense Defense Time % Phy DF OF
1 Jeff Woywitka Ossi Vaananen 60 0 5 0
2 Tyler Sloan Éric Desjardins 40 1 4 0
Penalty Kill - 3 Players Forward
Forward Time % Phy DF OF
1 Tomas Plekanec 60 0 4 1
2 Jamie Lundmark 40 1 3 1
Penalty Kill - 3 Players Defense
Defense Defense Time % Phy DF OF
1 Jeff Woywitka Ossi Vaananen 60 0 5 0
2 Tyler Sloan Éric Desjardins 40 1 3 1
4 vs 4 Forward
Center Wing Time % Phy DF OF
1 Viktor Kozlov Patric Hornqvist 60 0 2 3
2 Tomas Plekanec Marek Svatos 40 1 2 2
4 vs 4 Defense
Defense Defense Time % Phy DF OF
1 Matt Carle Éric Desjardins 60 1 3 1
2 Tomas Kloucek Ossi Vaananen 40 1 3 1
Last Minutes Offensive
Center Left Wing Right Wing Defense Defense
Tomas Plekanec Patrick Marleau Marek Svatos Jeff Woywitka Matt Carle
Last Minutes Defensive
Center Left Wing Right Wing Defense Defense
Viktor Kozlov Patrick Marleau Marek Svatos Jeff Woywitka Ossi Vaananen
Goaltenders
Starting : Kari Lehtonen
Backup : Mikael Tellqvist
Extra Forwards
Normal : Mike York, Patric Hornqvist, Michel Ouellet - PP : Michel Ouellet, Patric Hornqvist - PK : Marek Svatos
Extra Defensemen
Normal : Ossi Vaananen, Tomas Kloucek, Tyler Sloan - PP : Ossi Vaananen - PK : Matt Carle, Tomas Kloucek
Penalty Shots
Patrick Marleau, Tomas Plekanec, Mike York, Marek Svatos, Viktor Kozlov
Wild
5 vs 5 Forward
Center Left Wing Right Wing Time % Phy DF OF
1 Chris Drury R.J. Umberger Alexei Kovalev 40 0 1 4
2 Vaclav Prospal Jozef Stumpel Anson Carter 30 1 1 3
3 Rod Brind'Amour Chris Higgins Brian Rolston 20 1 1 3
4 Glen Metropolit Fredrik Modin Jonathan Rheault 10 2 2 1
5 vs 5 Defense
Defense Defense Time % Phy DF OF
1 Mike Green Nathan Dempsey 40 1 3 1
2 Fedor Tyutin Mark Eaton 30 1 3 1
3 Niclas Wallin Shane Hnidy 20 1 3 1
4 Mike Green Nathan Dempsey 10 1 3 1
PowerPlay Forward
Center Left Wing Right Wing Time % Phy DF OF
1 Chris Drury Jozef Stumpel Alexei Kovalev 60 0 0 5
2 Vaclav Prospal R.J. Umberger Anson Carter 40 0 0 5
PowerPlay Defense
Defense Defense Time % Phy DF OF
1 Mike Green Nathan Dempsey 60 0 2 3
2 Fedor Tyutin Mark Eaton 40 0 2 3
Penalty Kill 4 Players Forward
Center Wing Time % Phy DF OF
1 Rod Brind'Amour Chris Higgins 60 1 4 0
2 Glen Metropolit Brian Rolston 40 1 4 0
Penalty Kill 4 Players Defense
Defense Defense Time % Phy DF OF
1 Mark Eaton Fedor Tyutin 60 2 3 0
2 Nathan Dempsey Shane Hnidy 40 2 3 0
Penalty Kill - 3 Players Forward
Forward Time % Phy DF OF
1 Rod Brind'Amour 60 1 4 0
2 Glen Metropolit 40 1 4 0
Penalty Kill - 3 Players Defense
Defense Defense Time % Phy DF OF
1 Mark Eaton Fedor Tyutin 60 2 3 0
2 Niclas Wallin Shane Hnidy 40 2 3 0
4 vs 4 Forward
Center Wing Time % Phy DF OF
1 Chris Drury Jozef Stumpel 60 1 1 3
2 Vaclav Prospal Alexei Kovalev 40 1 1 3
4 vs 4 Defense
Defense Defense Time % Phy DF OF
1 Mike Green Nathan Dempsey 60 1 3 1
2 Fedor Tyutin Niclas Wallin 40 1 3 1
Last Minutes Offensive
Center Left Wing Right Wing Defense Defense
Chris Drury Jozef Stumpel Alexei Kovalev Mike Green Nathan Dempsey
Last Minutes Defensive
Center Left Wing Right Wing Defense Defense
Rod Brind'Amour Chris Higgins Brian Rolston Mark Eaton Shane Hnidy
Goaltenders
Starting : Martin Brodeur
Backup : Julien Ellis
Extra Forwards
Normal : Chris Drury, Alexei Kovalev, Vaclav Prospal - PP : Chris Drury, Alexei Kovalev - PK : Rod Brind'Amour
Extra Defensemen
Normal : Mike Green, Nathan Dempsey, Fedor Tyutin - PP : Mike Green - PK : Mark Eaton, Fedor Tyutin
Penalty Shots
Chris Drury, Jozef Stumpel, Vaclav Prospal, Alexei Kovalev, R.J. Umberger
% Time on Ice - Canadiens
Lines # - Real PCT - Wanted PCT - Time Play
Normal Forward
1 - 36% - 40% - 15:18
2 - 26% - 30% - 10:58
3 - 21% - 20% - 8:39
4 - 17% - 10% - 7:02
Normal Defense
1 - 41% - 40% - 17:21
2 - 30% - 30% - 12:34
3 - 25% - 25% - 10:17
4 - 4% - 5% - 1:45
PP Forward
1 - 55% - 60% - 7:35
2 - 45% - 40% - 6:18
PP Defense
1 - 63% - 60% - 8:48
2 - 37% - 40% - 5:05
PK Forward
1 - 98% - 60% - 4:05
2 - 2% - 40% - 0:05
PK Defense
1 - 61% - 60% - 2:32
2 - 39% - 40% - 1:38
PK3 Forward
1 - 0% - 60%
2 - 0% - 40%
PK3 Defense
1 - 0% - 60%
2 - 0% - 40%
44 Forward
1 - 0% - 60%
2 - 0% - 40%
44 Defense
1 - 0% - 60%
2 - 0% - 40%
Last Minute Offensive - 0:00
Last Minute Defensive - 0:00
Total
Forward - 60:00
Defense - 60:00
|
% Time on Ice - Wild
Lines # - Real PCT - Wanted PCT - Time Play
Normal Forward
1 - 36% - 40% - 14:59
2 - 28% - 30% - 11:54
3 - 23% - 20% - 9:41
4 - 13% - 10% - 5:23
Normal Defense
1 - 42% - 40% - 17:31
2 - 29% - 30% - 12:09
3 - 27% - 20% - 11:28
4 - 2% - 10% - 0:49
PP Forward
1 - 58% - 60% - 2:24
2 - 42% - 40% - 1:46
PP Defense
1 - 54% - 60% - 2:15
2 - 46% - 40% - 1:55
PK Forward
1 - 67% - 60% - 9:19
2 - 33% - 40% - 4:34
PK Defense
1 - 58% - 60% - 7:59
2 - 42% - 40% - 5:54
PK3 Forward
1 - 0% - 60%
2 - 0% - 40%
PK3 Defense
1 - 0% - 60%
2 - 0% - 40%
44 Forward
1 - 0% - 60%
2 - 0% - 40%
44 Defense
1 - 0% - 60%
2 - 0% - 40%
Last Minute Offensive - 0:00
Last Minute Defensive - 0:00
Total
Forward - 60:00
Defense - 60:00
|
Play by Play
1st period
0:01 of 1st period - Chris Drury wins face-off versus Tomas Plekanec in neutral zone.
0:52 of 1st period - Wrist shot by Chris Higgins.
0:52 of 1st period - Goal by Chris Higgins - Canadiens : 0 - Wild : 1.
0:53 of 1st period - Glen Metropolit wins face-off versus Jamie Lundmark in neutral zone.
1:08 of 1st period - Snap shot by Jamie Lundmark.
1:08 of 1st period - Shot Misses the Net.
1:37 of 1st period - Wrist shot by Patric Hornqvist.
1:37 of 1st period - Stopped by Martin Brodeur without a rebound.
1:38 of 1st period - Rod Brind'Amour wins face-off versus Tyler Arnason in Wild zone.
2:05 of 1st period - Shane Hnidy is hit by Matt Carle and loses puck.
2:31 of 1st period - Backhand shot by R.J. Umberger.
2:31 of 1st period - Stopped by Kari Lehtonen with a rebound.
2:33 of 1st period - Slapshot by Fedor Tyutin.
2:33 of 1st period - Goal by Fedor Tyutin - Canadiens : 0 - Wild : 2.
2:34 of 1st period - Chris Drury wins face-off versus Tomas Plekanec in neutral zone.
2:39 of 1st period - Snap shot by R.J. Umberger.
2:39 of 1st period - Shot Misses the Net.
3:05 of 1st period - Snap shot by Brian Rolston.
3:05 of 1st period - Stopped by Kari Lehtonen with a rebound.
3:07 of 1st period - Slapshot by Mike Green.
3:07 of 1st period - Shot Blocked by Mike York.
3:09 of 1st period - Slapshot by Mike Green.
3:09 of 1st period - Stopped by Kari Lehtonen without a rebound.
3:10 of 1st period - Anson Carter wins face-off versus Tomas Plekanec in Canadiens zone.
3:27 of 1st period - Tomas Plekanec is hit by Vaclav Prospal and loses puck.
3:44 of 1st period - Snap shot by Brian Rolston.
3:44 of 1st period - Shot Misses the Net.
3:52 of 1st period - Wrist shot by Radim Vrbata.
3:52 of 1st period - Shot Misses the Net.
4:14 of 1st period - Wrist shot by Marek Svatos.
4:14 of 1st period - Shot Misses the Net.
4:35 of 1st period - Snap shot by Tyler Arnason.
4:35 of 1st period - Stopped by Martin Brodeur without a rebound.
4:36 of 1st period - Jamie Lundmark wins face-off versus Vaclav Prospal in Wild zone.
5:05 of 1st period - Wrist shot by Marek Svatos.
5:05 of 1st period - Deflect By Viktor Kozlov.
5:05 of 1st period - Shot Misses the Net.
5:05 of 1st period - Puck is out of play.
5:06 of 1st period - Viktor Kozlov wins face-off versus R.J. Umberger in Wild zone.
5:13 of 1st period - Snap shot by Marek Svatos.
5:13 of 1st period - Shot Misses the Net.
5:15 of 1st period - Wrist shot by Viktor Kozlov.
5:15 of 1st period - Stopped by Martin Brodeur with a rebound.
5:17 of 1st period - Slapshot by Jeff Woywitka.
5:17 of 1st period - Deflect By Marek Svatos.
5:17 of 1st period - Shot Blocked by Mark Eaton.
5:17 of 1st period - Puck is out of play.
5:18 of 1st period - Tyler Arnason wins face-off versus Glen Metropolit in Wild zone.
5:19 of 1st period - Wrist shot by Patric Hornqvist.
5:19 of 1st period - Stopped by Martin Brodeur without a rebound.
5:20 of 1st period - Glen Metropolit wins face-off versus Ryan Bayda in Wild zone.
5:20 of 1st period - Glen Metropolit is hit by Patric Hornqvist.
5:25 of 1st period - Nathan Dempsey is hit by Éric Desjardins and loses puck.
6:47 of 1st period - Wrist shot by Patric Hornqvist.
6:47 of 1st period - Stopped by Martin Brodeur with a rebound.
7:13 of 1st period - Snap shot by Mike Green.
7:13 of 1st period - Shot Hit the Post.
7:15 of 1st period - Snap shot by Mike Green.
7:15 of 1st period - Stopped by Kari Lehtonen with a rebound.
7:17 of 1st period - Snap shot by Jonathan Rheault.
7:17 of 1st period - Shot Misses the Net.
7:32 of 1st period - Slapshot by Vaclav Prospal.
7:32 of 1st period - Stopped by Kari Lehtonen with a rebound.
7:34 of 1st period - Slapshot by Fedor Tyutin.
7:34 of 1st period - Deflect By Jozef Stumpel.
7:34 of 1st period - Shot Misses the Net.
7:34 of 1st period - Puck is out of play.
7:35 of 1st period - Chris Drury wins face-off versus Viktor Kozlov in Canadiens zone.
7:36 of 1st period - Snap shot by R.J. Umberger.
7:36 of 1st period - Shot Blocked by Éric Desjardins.
7:38 of 1st period - Snap shot by Alexei Kovalev.
7:38 of 1st period - Stopped by Kari Lehtonen with a rebound.
7:40 of 1st period - Snap shot by Chris Drury.
7:40 of 1st period - Stopped by Kari Lehtonen with a rebound.
8:00 of 1st period - Fedor Tyutin is hit by Tomas Plekanec and loses puck.
8:04 of 1st period - Minor Penalty to Tomas Plekanec for Tripping.
8:05 of 1st period - Chris Drury wins face-off versus Marek Svatos in Canadiens zone.
8:34 of 1st period - Snap shot by R.J. Umberger.
8:34 of 1st period - Stopped by Kari Lehtonen with a rebound.
10:04 of 1st period - Penalty to Tomas Plekanec is over, Tomas Plekanec is back on ice.
10:16 of 1st period - Tomas Plekanec is hit by Mark Eaton and loses puck.
10:55 of 1st period - Minor Penalty to Fredrik Modin for Roughing.
10:56 of 1st period - Patrick Marleau wins face-off versus Rod Brind'Amour in Wild zone.
12:55 of 1st period - Penalty to Fredrik Modin is over, Fredrik Modin is back on ice.
13:10 of 1st period - Jamie Lundmark is hit by R.J. Umberger and loses puck.
13:23 of 1st period - Wrist shot by Tyler Arnason.
13:23 of 1st period - Shot Blocked by Mike Green.
13:33 of 1st period - Tomas Kloucek is hit by Jozef Stumpel and loses puck.
14:27 of 1st period - Icing by Jozef Stumpel.
14:28 of 1st period - Viktor Kozlov wins face-off versus Chris Drury in Wild zone.
14:39 of 1st period - Slapshot by R.J. Umberger.
14:39 of 1st period - Stopped by Kari Lehtonen with a rebound.
14:59 of 1st period - Minor Penalty to Rod Brind'Amour for Roughing.
15:00 of 1st period - Tomas Plekanec wins face-off versus Chris Drury in Wild zone.
15:33 of 1st period - Snap shot by Mike York.
15:33 of 1st period - Shot Misses the Net.
15:35 of 1st period - Snap shot by Patric Hornqvist.
15:35 of 1st period - Stopped by Martin Brodeur with a rebound.
16:52 of 1st period - Chris Higgins is hit by Patric Hornqvist and loses puck.
16:59 of 1st period - Penalty to Rod Brind'Amour is over, Rod Brind'Amour is back on ice.
17:11 of 1st period - Wrist shot by Jozef Stumpel.
17:11 of 1st period - Shot Misses the Net.
17:31 of 1st period - Chris Dingman is hit by Mike Green and loses puck.
18:19 of 1st period - Tyler Sloan is hit by Mike Green and loses puck.
18:24 of 1st period - Snap shot by Brian Rolston.
18:24 of 1st period - Stopped by Kari Lehtonen without a rebound.
18:25 of 1st period - Tomas Plekanec wins face-off versus Rod Brind'Amour in Canadiens zone.
18:25 of 1st period - Tomas Plekanec is hit by Rod Brind'Amour.
18:50 of 1st period - Alexei Kovalev is hit by Michel Ouellet.
19:54 of 1st period - Wrist shot by Mike York.
19:54 of 1st period - Shot Misses the Net.
2nd period
0:01 of 2nd period - Chris Drury wins face-off versus Tomas Plekanec in neutral zone.
0:04 of 2nd period - Wrist shot by Radim Vrbata.
0:04 of 2nd period - Stopped by Martin Brodeur without a rebound.
0:05 of 2nd period - Chris Drury wins face-off versus Tomas Plekanec in Wild zone.
0:09 of 2nd period - Off-side.
0:10 of 2nd period - Chris Drury wins face-off versus Tomas Plekanec in neutral zone.
0:27 of 2nd period - Snap shot by Radim Vrbata.
0:27 of 2nd period - Stopped by Martin Brodeur with a rebound.
0:32 of 2nd period - Off-side.
0:33 of 2nd period - Viktor Kozlov wins face-off versus Vaclav Prospal in neutral zone.
0:36 of 2nd period - Snap shot by Mike York.
0:36 of 2nd period - Deflect By Viktor Kozlov.
0:36 of 2nd period - Shot Misses the Net.
0:36 of 2nd period - Puck is out of play.
0:37 of 2nd period - Viktor Kozlov wins face-off versus Vaclav Prospal in Wild zone.
0:43 of 2nd period - Minor Penalty to Nathan Dempsey for Hooking.
0:44 of 2nd period - Chris Higgins wins face-off versus Tomas Plekanec in Wild zone.
1:05 of 2nd period - Chris Higgins is hit by Marek Svatos and loses puck.
1:16 of 2nd period - Viktor Kozlov is hit by Brian Rolston and loses puck.
1:58 of 2nd period - Rod Brind'Amour is hit by Patrick Marleau and loses puck.
2:43 of 2nd period - Penalty to Nathan Dempsey is over, Nathan Dempsey is back on ice.
2:52 of 2nd period - Chris Dingman is hit by Anson Carter and loses puck.
2:57 of 2nd period - Wrist shot by Vaclav Prospal.
2:57 of 2nd period - Shot Blocked by Michel Ouellet.
3:01 of 2nd period - Wrist shot by Vaclav Prospal.
3:01 of 2nd period - Goal by Vaclav Prospal - Canadiens : 0 - Wild : 3.
3:02 of 2nd period - Chris Drury wins face-off versus Tyler Arnason in neutral zone.
3:29 of 2nd period - Tomas Plekanec is hit by Fedor Tyutin and loses puck.
3:38 of 2nd period - Snap shot by Radim Vrbata.
3:38 of 2nd period - Stopped by Martin Brodeur with a rebound.
3:40 of 2nd period - Slapshot by Ossi Vaananen.
3:40 of 2nd period - Shot Misses the Net.
3:42 of 2nd period - Slapshot by Ossi Vaananen.
3:42 of 2nd period - Deflect By Mark Eaton.
3:42 of 2nd period - Stopped by Martin Brodeur with a rebound.
3:59 of 2nd period - Minor Penalty to Brian Rolston for Hooking.
4:00 of 2nd period - Tomas Plekanec wins face-off versus Rod Brind'Amour in Wild zone.
4:01 of 2nd period - Snap shot by Patrick Marleau.
4:01 of 2nd period - Shot Misses the Net.
4:03 of 2nd period - Slapshot by Matt Carle.
4:03 of 2nd period - Stopped by Martin Brodeur without a rebound.
4:04 of 2nd period - Tomas Plekanec wins face-off versus Rod Brind'Amour in Wild zone.
4:05 of 2nd period - Wrist shot by Marek Svatos.
4:05 of 2nd period - Shot Blocked by Nathan Dempsey.
4:07 of 2nd period - Snap shot by Matt Carle.
4:07 of 2nd period - Stopped by Martin Brodeur without a rebound.
4:08 of 2nd period - Rod Brind'Amour wins face-off versus Tomas Plekanec in Wild zone.
4:23 of 2nd period - Slapshot by Tomas Plekanec.
4:23 of 2nd period - Shot Misses the Net.
5:17 of 2nd period - Nathan Dempsey is hit by Tomas Plekanec and loses puck.
5:59 of 2nd period - Penalty to Brian Rolston is over, Brian Rolston is back on ice.
6:47 of 2nd period - Tyler Sloan is hit by R.J. Umberger and loses puck.
7:23 of 2nd period - Icing by Niclas Wallin.
7:24 of 2nd period - Rod Brind'Amour wins face-off versus Tomas Plekanec in Wild zone.
8:51 of 2nd period - Mike Green is hit by Radim Vrbata and loses puck.
9:08 of 2nd period - Snap shot by Ryan Bayda.
9:08 of 2nd period - Stopped by Martin Brodeur with a rebound.
9:10 of 2nd period - Snap shot by Tyler Arnason.
9:10 of 2nd period - Stopped by Martin Brodeur with a rebound.
9:18 of 2nd period - Slapshot by Mike Green.
9:18 of 2nd period - Shot Blocked by Matt Carle.
9:24 of 2nd period - Jonathan Rheault is hit by Ossi Vaananen.
9:45 of 2nd period - Slapshot by Chris Drury.
9:45 of 2nd period - Stopped by Kari Lehtonen with a rebound.
9:47 of 2nd period - Slapshot by Alexei Kovalev.
9:47 of 2nd period - Stopped by Kari Lehtonen without a rebound.
9:48 of 2nd period - Chris Drury wins face-off versus Patrick Marleau in Canadiens zone.
10:01 of 2nd period - Snap shot by Chris Drury.
10:01 of 2nd period - Shot Misses the Net.
10:03 of 2nd period - Snap shot by Chris Drury.
10:03 of 2nd period - Stopped by Kari Lehtonen without a rebound.
10:04 of 2nd period - Viktor Kozlov wins face-off versus Vaclav Prospal in Canadiens zone.
10:09 of 2nd period - Slapshot by Jeff Woywitka.
10:09 of 2nd period - Stopped by Martin Brodeur with a rebound.
10:19 of 2nd period - Snap shot by Vaclav Prospal.
10:19 of 2nd period - Shot Misses the Net.
11:03 of 2nd period - Slapshot by Brian Rolston.
11:03 of 2nd period - Shot Misses the Net.
11:05 of 2nd period - Slapshot by Brian Rolston.
11:05 of 2nd period - Stopped by Kari Lehtonen with a rebound.
11:12 of 2nd period - Icing by Jamie Lundmark.
11:13 of 2nd period - Vaclav Prospal wins face-off versus Tyler Arnason in Canadiens zone.
11:22 of 2nd period - Wrist shot by Jozef Stumpel.
11:22 of 2nd period - Deflect By Anson Carter.
11:22 of 2nd period - Stopped by Kari Lehtonen with a rebound.
12:06 of 2nd period - Snap shot by Marek Svatos.
12:06 of 2nd period - Stopped by Martin Brodeur without a rebound.
12:07 of 2nd period - Chris Drury wins face-off versus Viktor Kozlov in Wild zone.
12:39 of 2nd period - Snap shot by Vaclav Prospal.
12:39 of 2nd period - Stopped by Kari Lehtonen without a rebound.
12:40 of 2nd period - Tomas Plekanec wins face-off versus Vaclav Prospal in Canadiens zone.
13:05 of 2nd period - Fedor Tyutin is hit by Ryan Bayda and loses puck.
13:16 of 2nd period - Snap shot by Jozef Stumpel.
13:16 of 2nd period - Stopped by Kari Lehtonen with a rebound.
13:18 of 2nd period - Snap shot by Anson Carter.
13:18 of 2nd period - Deflect By Vaclav Prospal.
13:18 of 2nd period - Shot Misses the Net.
13:18 of 2nd period - Puck is out of play.
13:19 of 2nd period - Tomas Plekanec wins face-off versus Chris Drury in Canadiens zone.
13:19 of 2nd period - Tomas Plekanec is hit by R.J. Umberger.
13:35 of 2nd period - Snap shot by Radim Vrbata.
13:35 of 2nd period - Stopped by Martin Brodeur with a rebound.
13:49 of 2nd period - Off-side.
13:50 of 2nd period - Viktor Kozlov wins face-off versus Rod Brind'Amour in neutral zone.
14:01 of 2nd period - Wrist shot by Rod Brind'Amour.
14:01 of 2nd period - Shot Blocked by Matt Carle.
14:15 of 2nd period - Wrist shot by Ryan Bayda.
14:15 of 2nd period - Stopped by Martin Brodeur without a rebound.
14:16 of 2nd period - Tyler Arnason wins face-off versus Chris Drury in Wild zone.
14:31 of 2nd period - Snap shot by Tyler Arnason.
14:31 of 2nd period - Shot Misses the Net.
14:46 of 2nd period - Slapshot by Fedor Tyutin.
14:46 of 2nd period - Deflect By Patrick Marleau.
14:46 of 2nd period - Stopped by Kari Lehtonen with a rebound.
14:48 of 2nd period - Slapshot by Fedor Tyutin.
14:48 of 2nd period - Stopped by Kari Lehtonen with a rebound.
14:50 of 2nd period - Snap shot by Vaclav Prospal.
14:50 of 2nd period - Stopped by Kari Lehtonen with a rebound.
14:52 of 2nd period - Snap shot by Fedor Tyutin.
14:52 of 2nd period - Deflect By Patrick Marleau.
14:52 of 2nd period - Stopped by Kari Lehtonen without a rebound.
14:53 of 2nd period - Viktor Kozlov wins face-off versus Chris Drury in Canadiens zone.
14:58 of 2nd period - Nathan Dempsey is hit by Mike York and loses puck.
15:13 of 2nd period - R.J. Umberger is hit by Viktor Kozlov and loses puck.
15:34 of 2nd period - Slapshot by Chris Higgins.
15:34 of 2nd period - Deflect By Brian Rolston.
15:34 of 2nd period - Stopped by Kari Lehtonen with a rebound.
15:43 of 2nd period - Minor Penalty to Ossi Vaananen for Cross-checking.
15:44 of 2nd period - Tomas Plekanec wins face-off versus Chris Drury in Canadiens zone.
15:55 of 2nd period - Slapshot by Alexei Kovalev.
15:55 of 2nd period - Goal by Alexei Kovalev - Canadiens : 0 - Wild : 4.
15:56 of 2nd period - Tomas Plekanec wins face-off versus Chris Drury in neutral zone.
16:12 of 2nd period - Minor Penalty to Chris Drury for Hooking.
16:13 of 2nd period - Tomas Plekanec wins face-off versus Rod Brind'Amour in Wild zone.
16:14 of 2nd period - Wrist shot by Patrick Marleau.
16:14 of 2nd period - Stopped by Martin Brodeur without a rebound.
16:15 of 2nd period - Rod Brind'Amour wins face-off versus Tomas Plekanec in Wild zone.
18:12 of 2nd period - Penalty to Chris Drury is over, Chris Drury is back on ice.
19:34 of 2nd period - Icing by Vaclav Prospal.
19:35 of 2nd period - Jamie Lundmark wins face-off versus Vaclav Prospal in Wild zone.
19:38 of 2nd period - Wrist shot by Michel Ouellet.
19:38 of 2nd period - Stopped by Martin Brodeur with a rebound.
19:40 of 2nd period - Slapshot by Radim Vrbata.
19:40 of 2nd period - Deflect By Niclas Wallin.
19:40 of 2nd period - Stopped by Martin Brodeur without a rebound.
19:41 of 2nd period - Tomas Plekanec wins face-off versus Chris Drury in Wild zone.
19:42 of 2nd period - Snap shot by Radim Vrbata.
19:42 of 2nd period - Stopped by Martin Brodeur with a rebound.
3rd period
0:01 of 3rd period - Chris Drury wins face-off versus Tomas Plekanec in neutral zone.
0:50 of 3rd period - Slapshot by Mike Green.
0:50 of 3rd period - Stopped by Kari Lehtonen without a rebound.
0:51 of 3rd period - Rod Brind'Amour wins face-off versus Tomas Plekanec in Canadiens zone.
1:22 of 3rd period - Radim Vrbata is hit by Rod Brind'Amour.
1:42 of 3rd period - Minor Penalty to Brian Rolston for Roughing.
1:43 of 3rd period - Rod Brind'Amour wins face-off versus Viktor Kozlov in Wild zone.
3:42 of 3rd period - Penalty to Brian Rolston is over, Brian Rolston is back on ice.
3:51 of 3rd period - Slapshot by Alexei Kovalev.
3:51 of 3rd period - Shot Blocked by Tyler Sloan.
3:53 of 3rd period - Wrist shot by Shane Hnidy.
3:53 of 3rd period - Stopped by Kari Lehtonen without a rebound.
3:54 of 3rd period - Vaclav Prospal wins face-off versus Jamie Lundmark in Canadiens zone.
3:59 of 3rd period - Snap shot by Jozef Stumpel.
3:59 of 3rd period - Stopped by Kari Lehtonen with a rebound.
4:01 of 3rd period - Slapshot by Nathan Dempsey.
4:01 of 3rd period - Stopped by Kari Lehtonen without a rebound.
4:02 of 3rd period - Jozef Stumpel wins face-off versus Jamie Lundmark in Canadiens zone.
4:48 of 3rd period - Off-side.
4:49 of 3rd period - Chris Drury wins face-off versus Tomas Plekanec in neutral zone.
5:00 of 3rd period - Wrist shot by Alexei Kovalev.
5:00 of 3rd period - Stopped by Kari Lehtonen without a rebound.
5:01 of 3rd period - Tomas Plekanec wins face-off versus R.J. Umberger in Canadiens zone.
6:31 of 3rd period - Wrist shot by Tomas Plekanec.
6:31 of 3rd period - Shot Misses the Net.
6:33 of 3rd period - Snap shot by Patrick Marleau.
6:33 of 3rd period - Goal by Patrick Marleau - Canadiens : 1 - Wild : 4.
6:34 of 3rd period - Tomas Plekanec wins face-off versus Chris Drury in neutral zone.
6:36 of 3rd period - Off-side.
6:37 of 3rd period - R.J. Umberger wins face-off versus Tomas Plekanec in neutral zone.
6:39 of 3rd period - Off-side.
6:40 of 3rd period - Chris Drury wins face-off versus Tomas Plekanec in neutral zone.
6:43 of 3rd period - Snap shot by Alexei Kovalev.
6:43 of 3rd period - Shot Blocked by Jeff Woywitka.
6:55 of 3rd period - Wrist shot by Radim Vrbata.
6:55 of 3rd period - Shot Misses the Net.
7:31 of 3rd period - Snap shot by Tyler Arnason.
7:31 of 3rd period - Stopped by Martin Brodeur without a rebound.
7:32 of 3rd period - Tyler Arnason wins face-off versus Chris Higgins in Wild zone.
7:45 of 3rd period - Snap shot by Patric Hornqvist.
7:45 of 3rd period - Stopped by Martin Brodeur with a rebound.
7:47 of 3rd period - Snap shot by Ossi Vaananen.
7:47 of 3rd period - Shot Misses the Net.
7:59 of 3rd period - Radim Vrbata is hit by Chris Drury and loses puck.
8:06 of 3rd period - Wrist shot by Chris Drury.
8:06 of 3rd period - Stopped by Kari Lehtonen without a rebound.
8:07 of 3rd period - Vaclav Prospal wins face-off versus Viktor Kozlov in Canadiens zone.
8:18 of 3rd period - Wrist shot by Jozef Stumpel.
8:18 of 3rd period - Stopped by Kari Lehtonen without a rebound.
8:19 of 3rd period - Alexei Kovalev wins face-off versus Tomas Plekanec in Canadiens zone.
8:20 of 3rd period - Slapshot by Chris Drury.
8:20 of 3rd period - Stopped by Kari Lehtonen with a rebound.
8:44 of 3rd period - Mike Green is hit by Viktor Kozlov and loses puck.
8:53 of 3rd period - Ossi Vaananen is hit by Jozef Stumpel and loses puck.
9:32 of 3rd period - Snap shot by Glen Metropolit.
9:32 of 3rd period - Stopped by Kari Lehtonen without a rebound.
9:33 of 3rd period - Chris Drury wins face-off versus Tomas Plekanec in Canadiens zone.
10:06 of 3rd period - Slapshot by R.J. Umberger.
10:06 of 3rd period - Goal by R.J. Umberger - Canadiens : 1 - Wild : 5.
10:07 of 3rd period - Vaclav Prospal wins face-off versus Tomas Plekanec in neutral zone.
10:09 of 3rd period - Off-side.
10:10 of 3rd period - Vaclav Prospal wins face-off versus Tomas Plekanec in neutral zone.
10:10 of 3rd period - Mike Green and Tomas Plekanec fight to a draw.
10:10 of 3rd period - Penalty to Mike Green for Fighting.
10:10 of 3rd period - Penalty to Tomas Plekanec for Fighting.
10:11 of 3rd period - Mike York wins face-off versus Chris Drury in neutral zone.
10:36 of 3rd period - Fedor Tyutin is hit by Jeff Woywitka and loses puck.
10:41 of 3rd period - Snap shot by Patric Hornqvist.
10:41 of 3rd period - Stopped by Martin Brodeur without a rebound.
10:42 of 3rd period - Tyler Arnason wins face-off versus Chris Drury in Wild zone.
10:42 of 3rd period - Minor Penalty to R.J. Umberger for Cross-checking.
10:43 of 3rd period - Rod Brind'Amour wins face-off versus Michel Ouellet in Wild zone.
10:51 of 3rd period - Off-side.
10:52 of 3rd period - Rod Brind'Amour wins face-off versus Patrick Marleau in neutral zone.
10:55 of 3rd period - Patrick Marleau is hit by Fedor Tyutin and loses puck.
11:04 of 3rd period - Snap shot by Chris Higgins.
11:04 of 3rd period - Goal by Chris Higgins - Canadiens : 1 - Wild : 6.
11:05 of 3rd period - Rod Brind'Amour wins face-off versus Michel Ouellet in neutral zone.
12:42 of 3rd period - Penalty to R.J. Umberger is over, R.J. Umberger is back on ice.
13:03 of 3rd period - Slapshot by Brian Rolston.
13:03 of 3rd period - Goal by Brian Rolston - Canadiens : 1 - Wild : 7.
13:04 of 3rd period - Chris Drury wins face-off versus Mike York in neutral zone.
13:29 of 3rd period - Nathan Dempsey is hit by Jeff Woywitka and loses puck.
13:57 of 3rd period - Slapshot by Chris Dingman.
13:57 of 3rd period - Shot Misses the Net.
14:53 of 3rd period - Snap shot by Anson Carter.
14:53 of 3rd period - Shot Misses the Net.
14:55 of 3rd period - Snap shot by Shane Hnidy.
14:55 of 3rd period - Shot Blocked by Tomas Kloucek.
15:15 of 3rd period - Slapshot by Mike York.
15:15 of 3rd period - Stopped by Martin Brodeur without a rebound.
15:16 of 3rd period - Chris Drury wins face-off versus Viktor Kozlov in Wild zone.
15:43 of 3rd period - Radim Vrbata is hit by Fedor Tyutin and loses puck.
15:52 of 3rd period - Jozef Stumpel is hit by Tomas Plekanec and loses puck.
16:05 of 3rd period - Wrist shot by Brian Rolston.
16:05 of 3rd period - Shot Misses the Net.
16:07 of 3rd period - Slapshot by Chris Higgins.
16:07 of 3rd period - Stopped by Kari Lehtonen with a rebound.
16:09 of 3rd period - Slapshot by Mark Eaton.
16:09 of 3rd period - Stopped by Kari Lehtonen without a rebound.
16:10 of 3rd period - Chris Drury wins face-off versus Tomas Plekanec in Canadiens zone.
16:10 of 3rd period - Minor Penalty to Tomas Plekanec for Hooking.
16:11 of 3rd period - Chris Drury wins face-off versus Marek Svatos in Canadiens zone.
16:36 of 3rd period - Nathan Dempsey is hit by Jamie Lundmark and loses puck.
18:10 of 3rd period - Penalty to Tomas Plekanec is over, Tomas Plekanec is back on ice.
18:22 of 3rd period - Tomas Plekanec is hit by Brian Rolston and loses puck.
18:45 of 3rd period - Icing by Mike York.
18:46 of 3rd period - Glen Metropolit wins face-off versus Viktor Kozlov in Canadiens zone.
19:35 of 3rd period - Wrist shot by Jozef Stumpel.
19:35 of 3rd period - Stopped by Kari Lehtonen without a rebound.
19:36 of 3rd period - Alexei Kovalev wins face-off versus Patrick Marleau in Canadiens zone.
Output by the SimonT Hockey Simulator (STHS) for François Prévost -- Original Page W3C XHTML 1.0 Valid